MID
ATLANTA (MID) BRAVES @ FORT WAYNE TINCAPS
09/02/2044
 
TOP OF THE 1ST
Atlanta (MID) Braves batting - Pitching for Fort Wayne TinCaps : LHP Blaine Whitmore
Pitching: LHP Blaine Whitmore
Batting: RHB Andy Cunningham 0-0: Ball
1-0: Foul Ball, location: 2F
1-1: Ground out 6-3 (Groundball, 6, EV 84.4 MPH)
Batting: SHB Richello Badua 0-0: Ball
1-0: Called Strike
1-1: Foul Ball, location: 2F
1-2: Ball
2-2: Foul Ball, location: 2F
2-2: Ball
3-2: Strikes out swinging
Batting: RHB Xavier Davis 0-0: Fly out, F3 (Line Drive, 3, EV 66.2 MPH)
Top of the 1st over - 0 runs, 0 hits, 0 errors, 0 left on base; Atlanta (MID) 0 - Fort Wayne 0
BOTTOM OF THE 1ST
Fort Wayne TinCaps batting - Pitching for Atlanta (MID) Braves : RHP Mokichi Furuta
Pitching: RHP Mokichi Furuta
Batting: SHB Adam Martin 0-0: Ball
1-0: Ball
2-0: Ball
3-0: Called Strike
3-1: Foul Ball, location: 2F
3-2: Base on Balls
Batting: LHB Angel Mejia 0-0: Called Strike
0-1: Ball
1-1: Ball
2-1: Ball
3-1: Grounds into double play, 4-6-3 (Groundball, 4, EV 86.9 MPH)
Batting: RHB Rodolfo Rivera 0-0: Foul Ball, location: 2F
0-1: Called Strike
0-2: Ball
1-2: Ground out 5-3 (Groundball, 56, EV 85.0 MPH)
Bottom of the 1st over - 0 runs, 0 hits, 0 errors, 0 left on base; Atlanta (MID) 0 - Fort Wayne 0
TOP OF THE 2ND
Atlanta (MID) Braves batting - Pitching for Fort Wayne TinCaps : LHP Blaine Whitmore
Batting: LHB Bobby Upton 0-0: Ball
1-0: Called Strike
1-1: Ball
2-1: Foul Ball, location: 2F
2-2: Strikes out swinging
Batting: RHB Corey Dalton 0-0: Called Strike
0-1: Ball
1-1: DOUBLE (Flyball, 8RXD, EV 107.5 MPH)
Batting: RHB Mike Shook 0-0: Swinging Strike
0-1: Called Strike
0-2: Ball
1-2: Ball
2-2: Foul Ball, location: 2F
2-2: Foul Ball, location: 2F
2-2: Strikes out swinging
Batting: LHB Tommy Williams 0-0: Swinging Strike
0-1: Ball
1-1: Foul Ball, location: 2F
1-2: Ball
2-2: Strikes out swinging
Top of the 2nd over - 0 runs, 1 hit, 0 errors, 1 left on base; Atlanta (MID) 0 - Fort Wayne 0
BOTTOM OF THE 2ND
Fort Wayne TinCaps batting - Pitching for Atlanta (MID) Braves : RHP Mokichi Furuta
Batting: RHB Juan Martinez 0-0: Ball
1-0: Called Strike
1-1: Foul Ball, location: 2F
1-2: Ground out 5-3 (Groundball, 56S, EV 69.4 MPH)
Batting: LHB Mike Schermerhorn 0-0: Called Strike
0-1: Swinging Strike
0-2: Ball
1-2: Strikes out swinging
Batting: SHB Yutaro Takahashi 0-0: Ball
1-0: Ball
2-0: Foul Ball, location: 2F
2-1: Foul Ball, location: 2F
2-2: Strikes out swinging
Bottom of the 2nd over - 0 runs, 0 hits, 0 errors, 0 left on base; Atlanta (MID) 0 - Fort Wayne 0
TOP OF THE 3RD
Atlanta (MID) Braves batting - Pitching for Fort Wayne TinCaps : LHP Blaine Whitmore
Batting: RHB Nick Platt 0-0: Ball
1-0: Called Strike
1-1: Ground out 3-1 (Groundball, 34, EV 83.8 MPH)
Batting: RHB Bobby Light 0-0: Called Strike
0-1: Ball
1-1: Ball
2-1: Ground out 6-3 (Groundball, 56D, EV 98.8 MPH)
Batting: RHB Andy Cunningham 0-0: Called Strike
0-1: Swinging Strike
0-2: Ball
1-2: Foul Ball, location: 2F
1-2: Strikes out swinging
Top of the 3rd over - 0 runs, 0 hits, 0 errors, 0 left on base; Atlanta (MID) 0 - Fort Wayne 0
BOTTOM OF THE 3RD
Fort Wayne TinCaps batting - Pitching for Atlanta (MID) Braves : RHP Mokichi Furuta
Batting: RHB Mike Maserang 0-0: Ball
1-0: Called Strike
1-1: Foul Ball, location: 2F
1-2: Foul Ball, location: 2F
1-2: Fly out, F8 (Flyball, 8RS, EV 86.2 MPH)
Batting: SHB Josh Parker 0-0: Called Strike
0-1: Called Strike
0-2: Strikes out swinging
Batting: RHB Davey Verhoog 0-0: Called Strike
0-1: Ground out U3 (Groundball, 34, EV 82.5 MPH)
Bottom of the 3rd over - 0 runs, 0 hits, 0 errors, 0 left on base; Atlanta (MID) 0 - Fort Wayne 0
TOP OF THE 4TH
Atlanta (MID) Braves batting - Pitching for Fort Wayne TinCaps : LHP Blaine Whitmore
Batting: SHB Richello Badua 0-0: Foul Ball, location: 2F
0-1: Called Strike
0-2: Ball
1-2: Strikes out swinging
Batting: RHB Xavier Davis 0-0: Ball
1-0: Ball
2-0: Called Strike
2-1: Ball
3-1: Base on Balls
Batting: LHB Bobby Upton 0-0: Ball
Xavier Davis is caught stealing 2nd base 2-6
1-0: Ball
2-0: Ball
3-0: Called Strike
3-1: SINGLE (Groundball, 4D, EV 103.8 MPH)
Batting: RHB Corey Dalton 0-0: Ball
1-0: Swinging Strike
Bobby Upton steals 2nd base
1-1: Ball
2-1: Foul Ball, location: 2F
2-2: Foul Ball, location: 2F
2-2: Foul Ball, location: 2F
2-2: Strikes out swinging
Top of the 4th over - 0 runs, 1 hit, 0 errors, 1 left on base; Atlanta (MID) 0 - Fort Wayne 0
BOTTOM OF THE 4TH
Fort Wayne TinCaps batting - Pitching for Atlanta (MID) Braves : RHP Mokichi Furuta
Batting: SHB Adam Martin 0-0: Ball
1-0: Foul Ball, location: 2F
1-1: Ball
2-1: Ground out 4-3 (Groundball, 34D, EV 79.4 MPH)
Batting: LHB Angel Mejia 0-0: Called Strike
0-1: Called Strike
0-2: Ground out 1-3 (Groundball, 15S, EV 67.5 MPH)
Batting: RHB Rodolfo Rivera 0-0: Swinging Strike
0-1: Called Strike
0-2: SINGLE (Line Drive, 4MD, EV 108.8 MPH)
Batting: RHB Juan Martinez 0-0: Ball
1-0: Fly out, F9 (Flyball, 9LD, EV 98.1 MPH)
Bottom of the 4th over - 0 runs, 1 hit, 0 errors, 1 left on base; Atlanta (MID) 0 - Fort Wayne 0
TOP OF THE 5TH
Atlanta (MID) Braves batting - Pitching for Fort Wayne TinCaps : LHP Blaine Whitmore
Batting: RHB Mike Shook 0-0: Ball
1-0: Foul Ball, location: 2F
1-1: Ball
2-1: Swinging Strike
2-2: Strikes out swinging
Batting: LHB Tommy Williams 0-0: Called Strike
0-1: Swinging Strike
0-2: Strikes out swinging
Batting: RHB Nick Platt 0-0: Ball
1-0: Ground out 5-3 (Groundball, 56S, EV 81.2 MPH)
Top of the 5th over - 0 runs, 0 hits, 0 errors, 0 left on base; Atlanta (MID) 0 - Fort Wayne 0
BOTTOM OF THE 5TH
Fort Wayne TinCaps batting - Pitching for Atlanta (MID) Braves : RHP Mokichi Furuta
Batting: LHB Mike Schermerhorn 0-0: Ball
1-0: Foul Ball, location: 2F
1-1: Ball
2-1: Fly out, F8 (Line Drive, 8RM, EV 98.1 MPH)
Batting: SHB Yutaro Takahashi 0-0: Called Strike
0-1: Ball
1-1: Foul Ball, location: 2F
1-2: Ball
2-2: Ball
3-2: Base on Balls
Batting: RHB Mike Maserang 0-0: Ball
Yutaro Takahashi steals 2nd base
1-0: Ball
Yutaro Takahashi steals 3rd base
2-0: Foul Ball, location: 2F
2-1: Foul Ball, location: 2F
2-2: Ball
3-2: SINGLE (Groundball, 56D, EV 104.4 MPH)
Yutaro Takahashi scores
Batting: SHB Josh Parker 0-0: Fly out, F9 (Flyball, 9S, EV 72.5 MPH)
Batting: RHB Davey Verhoog 0-0: Ball
1-0: Ball
2-0: Ground out 4-3 (Groundball, 4, EV 86.9 MPH)
Bottom of the 5th over - 1 run, 1 hit, 0 errors, 1 left on base; Atlanta (MID) 0 - Fort Wayne 1
TOP OF THE 6TH
Atlanta (MID) Braves batting - Pitching for Fort Wayne TinCaps : LHP Blaine Whitmore
Batting: RHB Bobby Light 0-0: Fly out, F7 (Line Drive, 7, EV 93.8 MPH)
Batting: RHB Andy Cunningham 0-0: Called Strike
0-1: Foul Ball, location: 2F
0-2: Foul Ball, location: 2F
0-2: Foul Ball, location: 2F
0-2: Ball
1-2: Hit by Pitch
Batting: SHB Richello Badua 0-0: Called Strike
0-1: Foul Ball, location: 2F
0-2: Strikes out looking
Batting: RHB Xavier Davis 0-0: Called Strike
0-1: Ball
1-1: Fly out, F8 (Flyball, 8LM, EV 90.6 MPH)
Top of the 6th over - 0 runs, 0 hits, 0 errors, 1 left on base; Atlanta (MID) 0 - Fort Wayne 1
BOTTOM OF THE 6TH
Fort Wayne TinCaps batting - Pitching for Atlanta (MID) Braves : RHP Mokichi Furuta
Batting: SHB Adam Martin 0-0: Called Strike
0-1: Ball
1-1: Called Strike
1-2: Ball
2-2: Ground out 6-3 (Groundball, 6MS, EV 82.5 MPH)
Batting: LHB Angel Mejia 0-0: SINGLE (Line Drive, 8LS, EV 101.9 MPH)
Batting: RHB Rodolfo Rivera 0-0: Grounds into double play, 5-4-3 (Groundball, 5, EV 87.5 MPH)
Bottom of the 6th over - 0 runs, 1 hit, 0 errors, 0 left on base; Atlanta (MID) 0 - Fort Wayne 1
TOP OF THE 7TH
Atlanta (MID) Braves batting - Pitching for Fort Wayne TinCaps : LHP Blaine Whitmore
Pitching: RHP Andre Wiltz
Batting: LHB Bobby Upton 0-0: Called Strike
0-1: Foul Ball, location: 2F
0-2: Foul Ball, location: 2F
0-2: Fly out, F8 (Flyball, 8LM, EV 93.1 MPH)
Batting: RHB Corey Dalton 0-0: Called Strike
0-1: Ball
1-1: Foul Ball, location: 2F
1-2: Foul Ball, location: 2F
1-2: Strikes out swinging
Batting: RHB Mike Shook 0-0: Called Strike
0-1: Fly out, F8 (Flyball, 8LXD, EV 95.0 MPH)
Top of the 7th over - 0 runs, 0 hits, 0 errors, 0 left on base; Atlanta (MID) 0 - Fort Wayne 1
BOTTOM OF THE 7TH
Fort Wayne TinCaps batting - Pitching for Atlanta (MID) Braves : RHP Mokichi Furuta
Batting: RHB Juan Martinez 0-0: Ground out 4-3 (Groundball, 4, EV 85.6 MPH)
Batting: LHB Mike Schermerhorn 0-0: Ball
1-0: Swinging Strike
1-1: Ground out 6-3 (Groundball, 56, EV 104.4 MPH)
Batting: SHB Yutaro Takahashi 0-0: Swinging Strike
0-1: Called Strike
0-2: Strikes out swinging
Bottom of the 7th over - 0 runs, 0 hits, 0 errors, 0 left on base; Atlanta (MID) 0 - Fort Wayne 1
TOP OF THE 8TH
Atlanta (MID) Braves batting - Pitching for Fort Wayne TinCaps : RHP Andre Wiltz
Pitching: RHP Travis White
Batting: LHB Tommy Williams 0-0: Called Strike
0-1: Ground out 1-3 (Groundball, 15S, EV 65.6 MPH)
Batting: RHB Nick Platt 0-0: Called Strike
0-1: Foul Ball, location: 2F
0-2: Fly out, F9 (Flyball, 9, EV 95.0 MPH)
Pinch Hitting: LHB Travis Lazaro 0-0: Called Strike
0-1: Ball
1-1: DOUBLE (Flyball, 78XD, EV 106.9 MPH)
Batting: RHB Andy Cunningham 0-0: Foul Ball, location: 2F
0-1: Ball
1-1: Swinging Strike
1-2: Hit by Pitch
Batting: SHB Richello Badua 0-0: Ball
1-0: Ball
2-0: Foul Ball, location: 2F
2-1: Called Strike
2-2: Foul Ball, location: 2F
2-2: Strikes out looking
Top of the 8th over - 0 runs, 1 hit, 0 errors, 2 left on base; Atlanta (MID) 0 - Fort Wayne 1
BOTTOM OF THE 8TH
Fort Wayne TinCaps batting - Pitching for Atlanta (MID) Braves : RHP Mokichi Furuta
Now at 3B: Brandon McClain
Now at SS: Xavier Davis
Batting: RHB Mike Maserang 0-0: Foul Ball, location: 2F
0-1: Ball
1-1: Called Strike
1-2: Foul Ball, location: 2F
1-2: Ground out 6-3 (Groundball, 6, EV 80.6 MPH)
Batting: SHB Josh Parker 0-0: Ball
1-0: Called Strike
1-1: SOLO HOME RUN (Flyball, 9D, EV 96.2 MPH), Distance : 375 ft
Batting: RHB Davey Verhoog 0-0: Ball
1-0: SINGLE (Groundball, 34D, EV 95.0 MPH)
Batting: SHB Adam Martin 0-0: Ball
1-0: Ball
2-0: Foul Ball, location: 2F
2-1: Ball
3-1: 2-RUN HOME RUN (Flyball, 89XD, EV 107.5 MPH), Distance : 400 ft
Batting: LHB Angel Mejia 0-0: Foul Ball, location: 2F
0-1: Ball
1-1: Foul Ball, location: 2F
1-2: Ball
2-2: Hit by Pitch, AND HE CHARGES THE MOUND! The benches clear!
Pitching: RHP Kevin Zika
Pinch Runner at 1st Rich Justice:
Batting: RHB Rodolfo Rivera 0-0: Ball
Rich Justice steals 2nd base
1-0: Ball
2-0: Called Strike
2-1: Ball
3-1: Base on Balls
Batting: RHB Juan Martinez 0-0: Ball
1-0: Called Strike
1-1: Foul Ball, location: 2F
1-2: Ball
2-2: Foul Ball, location: 2F
2-2: Strikes out looking
Batting: LHB Mike Schermerhorn 0-0: Ball
1-0: Called Strike
1-1: Ball
2-1: Foul Ball, location: 2F
2-2: Ball
3-2: Ground out 6-3 (Groundball, 56, EV 101.9 MPH)
Bottom of the 8th over - 3 runs, 3 hits, 0 errors, 2 left on base; Atlanta (MID) 0 - Fort Wayne 4
TOP OF THE 9TH
Atlanta (MID) Braves batting - Pitching for Fort Wayne TinCaps : RHP Travis White
Pitching: RHP Marcus Hill
Now at 3B: Rich Justice
Now at SS: Rodolfo Rivera
Batting: RHB Xavier Davis 0-0: Ball
1-0: Ball
2-0: Ball
3-0: Base on Balls
Batting: LHB Bobby Upton 0-0: Ball
1-0: Ball
2-0: Ball
3-0: Called Strike
3-1: Fielders Choice at 2nd, 6-4 (Groundball, 6, EV 83.1 MPH)
Batting: RHB Corey Dalton 0-0: Called Strike
0-1: Ball
1-1: Called Strike
1-2: Strikes out swinging
Batting: RHB Mike Shook 0-0: Ball
1-0: Called Strike
1-1: Fly out, F9 (Line Drive, 9D, EV 95.6 MPH)
Top of the 9th over - 0 runs, 0 hits, 0 errors, 1 left on base; Atlanta (MID) 0 - Fort Wayne 4
Thursday, March 31st , 2022 - OOTP Baseball 22.12 Build 89